Fleur, neutral female human Valkyrie #--------------------------------- ###|.......)..)....................| # #|.----....-----.----|--..----- | --------- ### #|.| ----.|..G-.-(.|. |..| |..<....| # #|.| |.|.@.|.| .|..|..| |........### ##|.-+-- |.|.@.|.--------.| |.......|# #|....| |.|...|....+ |.-+--- | --------- #|.{..-+--.----|....| |........| #|..........-..|+--.-----..----- | #|....-+--..|..| |........+ #|.-+-- |.----- --+--....| #|.| |.| ----.- #|.| -.+ .. ##|.| .| ... ##|.---- .-----+---------..... | ##................................| #--------------------------------- Fleur the Fighter Experience level: 6 Strength: 18/04 Dexterity: 10 Constitution: 18 Intelligence: 8 Wisdom: 9 Charisma: 8 Health: 0(64) Energy: 11(11) Def: 6 Gold: 119 Moves: 1261 Dungeon seed: 9JA48OUmnk6TrUkw Game ID: Fleur_1463659807 Your Inventory: Coins $ - 119 gold pieces Weapons a - a +3 spear (weapon in hand) b - a +0 dagger l - 8 +0 daggers (in quiver) Armor e - an uncursed +2 small shield (being worn) n - an uncursed +0 leather armor (being worn) q - an uncursed +0 orcish helm (being worn) M - an uncursed +1 dwarvish cloak O - an uncursed +0 dwarvish iron helm P - an uncursed +0 dwarvish mithril-coat Q - a blessed +1 pair of iron shoes R - an uncursed +0 dwarvish iron helm S - an uncursed +2 pair of iron shoes Comestibles d - 5 uncursed food rations h - an uncursed tin of newt meat m - 2 uncursed figues W - an uncursed lichen corpse Scrolls i - an uncursed scroll of light K - an uncursed scroll of remove curse Z - an uncursed scroll of teleportation Spellbooks k - an uncursed spellbook of sleep Rings U - an uncursed ring of protection from shape changers Wands c - a wand of cold (0:4) g - a wand of light (0:14) L - a wand of create monster (0:8) Tools f - an uncursed oil lamp (0:1034) j - 11 uncursed tallow candles (0:200) T - an uncursed blindfold X - 3 uncursed wax candles (0:400) Gems r - an uncursed worthless piece of orange glass y - an uncursed worthless piece of yellow glass z - an uncursed worthless piece of white glass N - 2 uncursed worthless pieces of blue glass V - an uncursed worthless piece of black glass Y - an uncursed black opal Spells and supernatural/magical abilities: Name Level Category Fail Memory W - pray for help -- divine ? -- Your skills at the end: Miscellaneous Skills shield [Basic] wands [Basic] Weapon Skills dagger [Basic] spear [Basic] Spellcasting Skills Final Attributes: You were fervently aligned. You were cold resistant. You were stealthy. You could fly. You were unlucky. You are dead. Vanquished creatures: 3 gnome kings a rock piercer 4 gnome lords a guardian naga hatchling 2 giant ants a kitten 5 dwarves a werejackal a killer bee 2 hobbits a gecko 17 gnomes 2 jackals a fox a kobold 3 newts 3 goblins 2 lichens 51 creatures vanquished. Voluntary challenges: You did not adorn yourself with jewelry or accessories. You used a wielded weapon 43 times, starting on turn 10. You did not use containers. You did not apply a unicorn horn. You read items or engraved 3 times, starting on turn 60. You never genocided any monsters. You never polymorphed an object. You never changed form. You used no wishes. You never split a pudding. You wrote Elbereth's name 3 times, starting on turn 60. You violated your moral code, losing 5 points of alignment, starting on turn 1223. Dungeon overview: The Dungeons of Doom: levels 1 to 2 Level 1 a long staircase Level 2 stairs to The Gnomish Mines The Gnomish Mines: levels 3 to 6 Level 3 stairs to The Dungeons of Doom Level 4 Level 5 Level 6 <- You were here a temple to Loki, a magic chest, a fountain History has recorded: On T:1 you entered the Dungeons of Doom to retrieve the Amulet of Yendor! On T:286 you reached level 2 of The Dungeons of Doom. On T:466 you reached level 1 of The Gnomish Mines. On T:534 you advanced to experience level 2. On T:548 you advanced to experience level 3. On T:610 you advanced to experience level 4. On T:716 you reached level 2 of The Gnomish Mines. On T:729 you advanced to experience level 5. On T:1045 you reached level 3 of The Gnomish Mines. On T:1100 you advanced to experience level 6. On T:1126 you reached level 4 of The Gnomish Mines. On T:1257 you entered the Minetown temple Score breakdown: Gold: 119 ( 11 points) Experience: 6 levels ( 500 points) Exploration: 6 levels ( 150 points) Discoveries: 5 items ( 250 points) Variety of kills: 18 monsters ( 900 points) Major goal: reached Minetown ( 500 points) Survival: died (score multiplied by 3) Total score: 6933 Latest messages: You begin praying to Loki. The gnomish wizard casts a spell at you! Your head suddenly aches painfully! You die... Final status: Farvel Fleur the Valkyrie, killed by a gnomish wizard, while praying... You died in The Gnomish Mines on dungeon level 6 with 6933 points, and 119 pieces of gold, after 1261 moves. You were level 6 with a maximum of 64 hit points when you died.